 Dungeon Crawl Stone Soup version 0.27.1 (webtiles) character file.

Game seed: 12161622255470718577

3634 bnorton916 the Jinx (level 9, 0/45 HPs)
             Began as a Deep Elf Conjurer on Aug 31, 2021.
             Was an Initiate of Vehumet.
             Slain by a yak (12 damage)
             ... on level 8 of the Dungeon.
             The game lasted 00:17:29 (12807 turns).

bnorton916 the Jinx (Deep Elf Conjurer)            Turns: 12807, Time: 00:17:30

Health: 0/45       AC:  6    Str:  5    XL:     9   Next: 87%
Magic:  4/20       EV: 13    Int: 26    God:    Vehumet [......]
Gold:   73         SH:  0    Dex: 13    Spells: 0/21 levels left

rFire    . . .     SeeInvis .   (no weapon)
rCold    . . .     Faith    .   (no shield)
rNeg     . . .     Spirit   .   a - +0 robe
rPois    .         Reflect  .   (no helmet)
rElec    .         Harm     .   m - +2 cloak
rCorr    .         Rampage  .   j - +0 pair of gloves
Will     .....                  (no boots)
Stlth    ++........             (no amulet)
HPRegen  0.15/turn              (no ring)
MPRegen  0.17/turn              (no ring)

@: no status effects
A: no striking features
a: Renounce Religion


You were on level 8 of the Dungeon.
You worshipped Vehumet.
Vehumet was noncommittal.
You visited 2 branches of the dungeon, and saw 10 of its levels.
You also visited: Sewer.

You collected 506 gold pieces.
You spent 433 gold pieces at shops.

Inventory:

Hand Weapons
 f - a +2 hand axe of venom
 D - a +0 dagger of draining
Missiles
 i - 289 stones
 v - 12 curare-tipped darts
Armour
 a - a +0 robe (worn)
 j - a +0 pair of gloves (worn)
 m - a +2 cloak (worn)
 B - a +0 buckler
Jewellery
 n - a ring of ice
 p - an amulet of faith
Wands
 q - a wand of digging (2)
 x - a wand of iceblast (5)
 y - a wand of flame (22)
Scrolls
 b - 3 scrolls of enchant armour
 c - a scroll of fear
 d - a scroll of brand weapon
 g - 2 scrolls of amnesia
 s - 4 scrolls of magic mapping
 t - 2 scrolls of teleportation
 w - 2 scrolls of blinking
 E - a scroll of silence
 F - a scroll of enchant weapon
Potions
 e - a potion of resistance
 k - a potion of curing
 o - 3 potions of flight
 r - a potion of magic
 u - a potion of attraction
 z - 2 potions of heal wounds
 A - 2 potions of mutation


   Skills:
 + Level 1.9 Armour
 + Level 3.9 Dodging
 - Level 2.4 Stealth
 + Level 1.9 Shields
 - Level 6.6 Spellcasting
 - Level 6.6 Conjurations
 - Level 8.3 Hexes
 - Level 6.8 Translocations
 - Level 6.4 Ice Magic
 - Level 2.0 Air Magic
 - Level 3.9 Poison Magic


You couldn't memorise any spells.
You knew the following spells:

 Your Spells              Type           Power      Damage    Failure   Level
a - Magic Dart            Conj           100%       1d8       1%          1
b - Searing Ray           Conj           86%        3d6       1%          2
c - Fulminant Prism       Conj/Hex       23%        3d13      3%          4
d - Iskenderun's Mystic   Conj/Tloc      43%        2d10      4%          4
e - Frozen Ramparts       Ice            84%        1d10      1%          3
f - Poisonous Vapours     Pois/Air       48%        N/A       3%          2
g - Freezing Cloud        Conj/Ice/Air   17%        6-21      22%         5

Your spell library contained the following spells:

 Spells                   Type           Power      Damage    Failure   Level
 Freeze                   Ice            100%       1d11      1%          1
 Dazzling Flash           Conj/Hex       94%        N/A       1%          3
 Hailstorm                Conj/Ice       42%        3d10      4%          4
 Corpse Rot               Necr/Air       N/A        N/A       7%          2
 Swiftness                Air            19%        N/A       9%          3
 Passwall                 Tmut/Erth      6%         N/A       10%         2
 Sublimation of Blood     Necr           4%         N/A       10%         2
 Invisibility             Hex            25%        N/A       32%         6
 Irradiate                Conj/Tmut      12%        3d17      43%         5
 Petrify                  Tmut/Erth      8%         N/A       54%         4
 Alistair's Intoxication  Tmut/Pois      12%        N/A       63%         5
 Borgnjor's Vile Clutch   Necr/Erth      4%         N/A       88%         5
 Eringya's Noxious Bog    Tmut/Pois      9%         N/A       99%         6


Dungeon Overview and Level Annotations

Branches:
Dungeon (9/15)             Temple (1/1) D:7           Sewer (visited)
   Lair: D:8-11         Orc: D:9-12

Altars:
Cheibriados
Dithmenos
Elyvilon
Nemelex Xobeh
Sif Muna
Trog
Uskayaw
Vehumet
Xom
Zin
The Shining One

Shops:
D:8 ?

Annotations:
D:9 3 runed translucent doors, packetloss's ghost, novice DrCj


Message History

You start resting.
An orc warrior is nearby!
An orc warrior is nearby!
An orc warrior is nearby!
There is a stone staircase leading down here.
The orc warrior shouts!
You climb downwards.
Packetloss's ghost turns its malevolent gaze towards you.
The wolf spider hisses angrily.
The yak bellows! x2; The troll shouts!
Found four items.
Found a stone staircase leading up.
There is a stone staircase leading up here.
A yak comes into view.
There is a stone staircase leading up here.
You can't go down here!
Unknown command.
The yak bellows!
The yak gores you!
* * * LOW HITPOINT WARNING * * *
You climb upwards.
There is a stone staircase leading down here.
Unknown command.
Casting: Iskenderun's Mystic Blast (dangerous; 4% risk of failure)
Confirm with . or Enter, or press ? or * to list all spells.
You erupt in a blast of force!
The mystic blast hits the yak!
The yak is moderately wounded.
The yak is knocked back by the mystic blast.
Unknown command.
Casting: Iskenderun's Mystic Blast (dangerous; 4% risk of failure)
Confirm with . or Enter, or press ? or * to list all spells.
Aiming: Searing Ray (safe; 1% risk of failure)
Press: ? - help, Shift-Dir - straight line, f - yak
Aim: a yak (moderately wounded, 89% to hit)
The searing ray hits the yak!
The yak is heavily wounded. (Press . to maintain the ray.) Unknown command.
The searing ray hits the yak!
The yak is almost dead.
The yak gores you!
You die...

#########
#@.......
#Y#######
#.# #.#
#.# ..#
..# ..#


You could see a yak.

Vanquished Creatures
  A deep elf zephyrmancer (D:7)
  A golden eye (shapeshifter) (D:8)
  An orc warrior (D:8)
  A sky beast (D:5)
  2 ice beasts
  A necrophage (D:6)
  5 ogres
  A centaur (D:7)
  A phantom (D:7)
  2 kobold brigands
  3 bullfrogs
  A gnoll sergeant (D:5)
  A wyvern zombie (D:7)
  4 scorpions
  2 water moccasin zombies (D:5)
  2 water moccasin skeletons (D:5)
  4 wights
  A howler monkey (D:6)
  A centaur zombie (D:6)
  A bullfrog zombie (D:5)
  2 hounds
  Crazy Yiuf (D:3)
  4 orc priests (D:7)
  3 bullfrog skeletons
  A centaur skeleton (D:6)
  Ijyb (D:3)
  Terence (D:3)
  5 iguanas (D:5)
  An orc wizard (D:5)
  A killer bee zombie (D:6)
  A howler monkey zombie (D:7)
  A howler monkey skeleton (D:6)
  13 adders
  6 river rats (D:3)
  3 white imps
  2 ufetubi
  An adder skeleton (D:5)
  2 worms (D:3)
  2 dart slugs (D:2)
  23 orcs
  10 ball pythons
  5 endoplasms
  10 giant cockroaches
  9 hobgoblins
  4 jackals (D:1)
  16 kobolds
  2 quokkas
  2 bats (D:1)
  11 frilled lizards
  7 goblins
  A jackal skeleton (D:4)
  22 rats
209 creatures vanquished.

Vanquished Creatures (others)
  A bullfrog (D:6)
  An orc (D:6)
  7 fulminant prisms
  A plant (D:7)
10 creatures vanquished.

Grand Total: 219 creatures vanquished

Notes
Turn   | Place    | Note
-------+----------+-------------------------------------------
     0 | D:1      | bnorton916 the Deep Elf Conjurer began the quest for the
                  | Orb.
     0 | D:1      | Reached XP level 1. HP: 10/10 MP: 6/6
   288 | D:1      | Reached XP level 2. HP: 15/15 MP: 3/8
   894 | D:1      | Reached skill level 5 in Conjurations
   894 | D:1      | Reached XP level 3. HP: 19/19 MP: 7/10
   897 | D:1      | Learned a level 2 spell: Searing Ray
  1341 | D:2      | Found a faded altar of an unknown god.
  1955 | D:2      | You fall into a shaft and drop 2 floors!
  1964 | D:4      | Reached XP level 4. HP: 19/24 MP: 4/12
  2002 | D:4      | Reached skill level 5 in Spellcasting
  2309 | D:3      | Noticed a +0 spear
  2309 | D:3      | Noticed a +0 dagger
  2309 | D:3      | Noticed a +0 falchion
  2309 | D:3      | Noticed a +0 falchion
  2309 | D:3      | Noticed a +0 spear
  2309 | D:3      | Noticed a +0 short sword
  2309 | D:3      | Noticed a +0 short sword
  2309 | D:3      | Noticed a +0 dagger
  2309 | D:3      | Found a hide-covered altar of Uskayaw.
  2309 | D:3      | Found a shimmering blue altar of Sif Muna.
  2379 | D:3      | Found a runed translucent door.
  2380 | D:3      | Noticed Crazy Yiuf
  2386 | D:3      | Killed Crazy Yiuf
  2460 | D:3      | Noticed a scorpion
  2464 | D:3      | Killed a scorpion
  2465 | D:3      | Reached XP level 5. HP: 28/28 MP: 10/15
  2722 | D:3      | Reached XP level 6. HP: 15/32 MP: 11/17
  2753 | D:3      | Found a glowing drain.
  2801 | Sewer    | Entered a sewer
  3078 | Sewer    | Learned a level 4 spell: Fulminant Prism
  3086 | Sewer    | Learned a level 4 spell: Iskenderun's Mystic Blast
  3334 | Sewer    | Reached skill level 1 in Hexes
  3362 | Sewer    | Reached skill level 2 in Hexes
  3627 | D:3      | Noticed Ijyb
  3633 | D:3      | Killed Ijyb
  3634 | D:3      | Reached skill level 3 in Hexes
  3634 | D:3      | Reached XP level 7. HP: 36/36 MP: 10/18
  3941 | D:3      | Noticed Terence
  3944 | D:3      | Killed Terence
  4293 | D:3      | Found a shadowy altar of Dithmenos.
  4327 | D:3      | Found a snail-covered altar of Cheibriados.
  4844 | D:4      | Learned a level 3 spell: Frozen Ramparts
  4928 | D:4      | Reached skill level 1 in Ice Magic
  5050 | D:4      | Found a shimmering altar of Xom.
  5051 | D:4      | Found a glowing silver altar of Zin.
  5052 | D:4      | Noticed an angel
  5294 | D:5      | Entered Level 5 of the Dungeon
  5310 | D:5      | Reached skill level 4 in Hexes
  5465 | D:5      | Learned a level 2 spell: Poisonous Vapours
  5726 | D:5      | Reached skill level 1 in Poison Magic
  6191 | D:5      | Reached skill level 5 in Hexes
  6314 | D:5      | Reached XP level 8. HP: 41/41 MP: 13/19
  6626 | D:5      | Reached skill level 6 in Hexes
  6626 | D:5      | Reached skill level 5 in Translocations
  7189 | D:5      | Found a sparkling altar of Nemelex Xobeh.
  8265 | D:6      | Reached skill level 7 in Hexes
  8265 | D:6      | Reached XP level 9. HP: 45/45 MP: 15/20
  8317 | D:6      | Reached skill level 1 in Air Magic
  8458 | D:6      | Reached skill level 5 in Ice Magic
  8958 | D:6      | Found a white marble altar of Elyvilon.
  9004 | D:6      | Found a radiant altar of Vehumet.
  9010 | D:6      | Became a worshipper of Vehumet
  9456 | D:7      | Found a glowing golden altar of the Shining One.
  9493 | D:7      | Noticed a deep elf zephyrmancer
  9499 | D:7      | Killed a deep elf zephyrmancer
 10124 | D:7      | Reached skill level 8 in Hexes
 10291 | D:7      | Found a staircase to the Ecumenical Temple.
 10370 | D:7      | Learned a level 5 spell: Freezing Cloud
 10412 | Temple   | Entered the Ecumenical Temple
 10924 | D:7      | Found a bloodstained altar of Trog.
 11184 | D:8      | Reached skill level 1 in Armour
 11184 | D:8      | Reached skill level 1 in Shields
 11636 | D:8      | Found Voutzav's Magic Scroll Emporium.
 11643 | D:8      | Bought a scroll of blinking for 97 gold pieces
 11643 | D:8      | Bought a scroll of silence for 97 gold pieces
 11643 | D:8      | Bought a scroll of enchant weapon for 97 gold pieces
 11643 | D:8      | Bought a scroll of magic mapping for 45 gold pieces
 11643 | D:8      | Bought a scroll of magic mapping for 45 gold pieces
 11643 | D:8      | Bought a scroll of identify for 26 gold pieces
 11643 | D:8      | Bought a scroll of identify for 26 gold pieces
 12733 | D:8      | Noticed a queen bee
 12738 | D:8      | a queen bee changed into a golden eye
 12748 | D:8      | Noticed a deep elf pyromancer
 12799 | D:9      | Noticed a boulder beetle
 12799 | D:9      | Noticed packetloss's ghost (novice DrCj)
 12799 | D:9      | Noticed a wolf spider
 12799 | D:9      | Noticed a troll
 12799 | D:9      | Found a runed translucent gate.
 12799 | D:9      | Found a runed translucent gate.
 12799 | D:9      | Found a runed translucent gate.
 12807 | D:8      | Slain by a yak

Illustrated notes

Levels and vault maps discovered:
D:1:      dpeg_arrival_houses_and_road, layout_basic
D:2:      layout_basic, hellmonk_ecumenical_altar_blasted, minmay_lizard_pond
D:3:      layout_basic, nicolae_uskayaw_en_pointe,
          nicolae_dithmenos_through_a_glass_darkly, mainiacjoe_overflow_catwalk,
          cheibrodos_worm_habitat, lightli_sewer_entry_pipes, minmay_rat_hole,
          uniq_ijyb, uniq_terence, uniq_crazy_yiuf_cottage
D:4:      layout_basic, grunt_temple_overflow_order_and_chaos_1
D:5:      minmay_bubble_buster, layout_basic, lemuel_coloured_pillars_altar
D:6:      layout_cave_pools, kennysheep_mini, fiery_altar_vehumet
D:7:      layout_gridville, marbit_many_paths, overflow_temple_1_default,
          minmay_temple_entry_junction_2, guppyfry_early_elven_hall
D:8:      hangedman_cross_stitches, layout_basic, kennysheep_mini_moat,
          serial_shops, shop, kennysheep_crisscross
D:9:      layout_loops_ring, bloody_makhleb, grunt_qazlal_clouds,
          gammafunk_ghost_split, uniq_pikel, uniq_psyche, uniq_maggie
Temple:   corrupted_temple

Skill      XL: |  1  2  3  4  5  6  7  8  9 |
---------------+----------------------------+-----
Spellcasting   | 4 5 6 |  6.6
Conjurations   | 5 6 |  6.6
Hexes          | 3 5 7 8 |  8.3
Translocations | 2 4 5 6 |  6.8
Ice Magic      | 2 4 6 |  6.4
Poison Magic   | 1 3 |  3.9
Air Magic      | 2 |  2.0
Armour         | 1 |  1.9
Dodging        | 3 |  3.9
Shields        | 1 |  1.9
Stealth        | |  2.4

Action                   |  1- 3 |  4- 6 |  7- 9 || total
-------------------------+-------+-------+-------++-------
 Cast: Magic Dart        |    89 |    53 |   165 ||   307
       Searing Ray       |       |    14 |    57 ||    71
       Fulminant Prism   |       |       |     7 ||     7
       Iskenderun's Myst |       |       |     6 ||     6
  Use: Scroll            |       |       |    21 ||    21
Armor: Robe              |     1 |     9 |    25 ||    35
Dodge: Dodged            |     3 |    21 |    48 ||    72
